 Dungeon Crawl Stone Soup version 0.29-a0-350-g7790a0e70a (webtiles) character file.

Game seed: 13394578069854941844

14210 greenreed the Grappler (level 11, -3/105 HPs)
             Began as a Troll Fighter on Apr 22, 2022.
             Slain by a four-headed hydra (10 damage)
             ... on level 2 of the Lair of Beasts.
             The game lasted 00:38:10 (8702 turns).

greenreed the Grappler (Troll Fighter)              Turns: 8702, Time: 00:38:12

Health: -3/105     AC:  8    Str: 36    XL:     11   Next: 85%
Magic:  0/10       EV: 11    Int:  4    God:
Gold:   541        SH:  9    Dex: 11    Spells: 10/10 levels left

rFire   . . .      SeeInvis .     - Unarmed
rCold   . . .      Faith    .   b - +0 kite shield
rNeg    . . .      Spirit   .   H - +0 steam dragon scales
rPois   +          Reflect  .   (helmet restricted)
rElec   +          Harm     .   u - +0 cloak
rCorr   .          Rampage  .   (gloves unavailable)
Will    .....                   (boots unavailable)
Stlth   +.........              S - amulet of the acrobat
HPRegen 1.87/turn               g - ring of poison resistance
MPRegen 0.12/turn               M - +6 ring of strength

@: studying Short Blades
A: large, unfitting armour, claws 3, regeneration 2, shaggy fur 1, tough skin 1,
agile 1, electricity resistance, MP-powered wands
a: no special abilities


You were on level 2 of the Lair of Beasts.
You visited 3 branches of the dungeon, and saw 11 of its levels.
You also visited: Sewer.

You collected 580 gold pieces.
You spent 39 gold pieces at shops.

Inventory:

Missiles
 l - 43 poisoned darts
 v - 4 curare-tipped darts
 N - a throwing net
Armour
 a - a +0 robe
 b - a +0 kite shield (worn)
 i - a scarf of invisibility
 u - a +0 cloak (worn)
 H - +0 steam dragon scales (worn)
 O - a +0 robe of willpower
 R - a +1 robe of resistance
Jewellery
 c - a ring of wizardry
 g - a ring of poison resistance (left claw)
 n - a ring of resist corrosion
 F - a ring of protection from fire
 J - a ring of positive energy
 L - a ring of protection from fire
 M - a +6 ring of strength (right claw)
 P - a ring of protection from cold
 S - an amulet of the acrobat (around neck)
 V - a ring of magical power
Wands
 e - a wand of flame (15) (quivered)
 q - a wand of digging (6)
 y - a wand of paralysis (13)
 C - a wand of charming (9)
 I - a wand of mindburst (27)
Scrolls
 f - a scroll of fear {unknown}
 h - 4 scrolls of immolation
 j - 6 scrolls of teleportation
 k - 3 scrolls of torment
 m - 2 scrolls of vulnerability {unknown}
 o - 2 scrolls of magic mapping
 p - 3 scrolls of fog
 t - 2 scrolls of enchant weapon {unknown}
 w - 2 scrolls of amnesia {unknown}
 x - a scroll of enchant armour {unknown}
 B - a scroll of summoning {unknown}
 D - a scroll of blinking {unknown}
 G - a scroll of noise {unknown}
 U - 3 scrolls of identify
Potions
 r - a potion of haste
 s - 4 potions of flight
 z - 2 potions of ambrosia {unknown}
 A - 5 potions of curing
 E - a potion of brilliance {unknown}
 K - 2 potions of attraction {unknown}
 Q - a potion of lignification {unknown}
 T - a potion of invisibility {unknown}


   Skills:
 * Level 5.9 Fighting
 - Level 1.3 Throwing
 + Level 7.8 Dodging
 + Level 6.8 Shields
 * Level 14.0 Unarmed Combat


You had 10 spell levels left.
You didn't know any spells.
Your spell library contained the following spells:

 Spells                   Type           Power      Damage    Failure   Level
 Beastly Appendage        Tmut           0%         N/A       75%         1
 Wereblood                Tmut           0%         N/A       87%         2
 Dazzling Flash           Conj/Hex       0%         N/A       98%         3
 Spider Form              Tmut/Pois      0%         N/A       98%         3
 Summon Guardian Golem    Hex/Summ       0%         N/A       98%         3
 Agony                    Necr           0%         N/A       100%        5
 Silence                  Hex/Air        0%         N/A       100%        5
 Orb of Destruction       Conj           0%         9d5       100%        7
 Spellforged Servitor     Conj/Summ      0%         N/A       100%        7


Dungeon Overview and Level Annotations

Branches:
Dungeon (8/15)             Temple (1/1) D:4            Lair (2/6) D:8
  Swamp (0/4) Lair:2        Sewer (visited)
  Snake: Lair:2-4    Spider: Lair:2-4

Altars:
Ashenzari
Cheibriados
Dithmenos
Elyvilon
Gozag
Hepliaklqana
Kikubaaqudgha
Makhleb
Nemelex Xobeh
Okawaru
Qazlal
Ru
Sif Muna
Trog
Uskayaw
Vehumet
Wu Jian
Xom
Yredelemnul
Zin
The Shining One

Shops:
D:1 *

Annotations:
D:4 3 runed translucent doors, spaghetti's ghost, novice DgAE; zeratav's ghost, amateur VSEn
D:7 3 runed translucent doors, HendSelp's ghost, novice OpTm


Innate Abilities, Weirdness & Mutations

You are too large for most types of armour.
You have claws for hands.
You heal very quickly.
You are covered in fur. (AC +1)
You have tough skin. (AC +1)
You are agile. (Dex +2)
You are resistant to electric shocks. (rElec)
You expend magic power (3 MP) to strengthen your wands.


Message History

Aiming: Throw Flame
Press: ? - help, Q - select action, (/) - cycle Shift-Dir - straight line, f/p - four-headed hydra
Aim: a four-headed hydra (severely wounded, 89% to hit)
The puff of flame misses the four-headed hydra.
The water moccasin misses you.
The four-headed hydra barely misses you.
You block the four-headed hydra's attack.
The four-headed hydra bites you!
* * * LOW HITPOINT WARNING * * *
The four-headed hydra barely misses you.
The water moccasin bites you.
* * * LOW HITPOINT WARNING * * *
Aiming: Throw Flame
Press: ? - help, Q - select action, (/) - cycle Shift-Dir - straight line, f/p - four-headed hydra
Aim: a four-headed hydra (severely wounded, 89% to hit)
The puff of flame hits the four-headed hydra.
The four-headed hydra is severely wounded.
The water moccasin barely misses you.
The four-headed hydra barely misses you.
The four-headed hydra bites you.
* * * LOW HITPOINT WARNING * * *
The four-headed hydra bites you.
* * * LOW HITPOINT WARNING * * *
The four-headed hydra bites you.
* * * LOW HITPOINT WARNING * * *
Press: ? - help, v - describe, . - travel
Here: a four-headed hydra (severely wounded)
The floor.
Aiming: Throw Flame
Press: ? - help, Q - select action, (/) - cycle Shift-Dir - straight line, f/p - four-headed hydra
Aim: a four-headed hydra (severely wounded, 89% to hit)
The puff of flame hits the four-headed hydra!
The four-headed hydra is almost dead.
The water moccasin barely misses you.
The four-headed hydra closely misses you.
You block the four-headed hydra's attack.
The four-headed hydra bites you!
* * * LOW HITPOINT WARNING * * *
The four-headed hydra bites you!
You die...

...##....####
..P##..#.P#P#
..........).#
.....##....P##
.....#......P# ##
...#......#.### ##P#
.P..#.........#####...###
.........P.....#.S.......
....##.........#@D.......
.(..P###...........#.#..
...P## ##P#........##
...## ####.##.##..# .P..#
#...##.#.## ...####
####.........#
.P....###.##.^......##
.....................#
..P...#P###.##########


You could see a four-headed hydra and a water moccasin.

Vanquished Creatures
  6 death yaks
  3 bog bodies (Lair:2)
  A cyclops (D:7)
  2 cane toads (Lair:1)
  A torpor snail (Lair:2)
  3 komodo dragons
  A troll (D:7)
  4 blink frogs (Lair:1)
  2 dream sheep (Lair:2)
  3 yaks (Lair:1)
  A basilisk (Lair:2)
  2 steam dragons
  A swamp worm (Lair:2)
  10 water moccasins
  An ogre (D:6)
  4 black bears
  2 ice beasts
  2 centaurs
  3 kobold brigands
  7 bullfrogs
  A necrophage (D:5)
  6 scorpions
  7 wights (D:8)
  13 killer bees
  An electric eel (Lair:2)
  2 howler monkeys (D:7)
  4 hounds
  2 jellies
  7 orc priests
  A gnoll shaman (D:6)
  4 iguanas
  8 orc wizards
  A merfolk siren (Sewer)
  A merfolk avatar (Sewer)
  2 hound zombies (D:4)
  12 adders
  10 gnolls
  4 river rats (Sewer)
  A shadow imp (D:7)
  3 white imps
  2 ufetubi (D:6)
  An adder skeleton (D:4)
  2 worms
  A dart slug (D:4)
  38 orcs
  6 ball pythons
  3 bats
  10 endoplasms
  5 giant cockroaches
  2 goblins
  6 hobgoblins
  4 jackals (D:3)
  18 kobolds
  9 quokkas
  6 frilled lizards
  A quokka skeleton (D:4)
  21 rats
284 creatures vanquished.

Vanquished Creatures (others)
  2 fungi
  10 plants
  5 withered plants (D:4)
17 creatures vanquished.

Grand Total: 301 creatures vanquished

Notes
Turn   | Place    | Note
-------+----------+-------------------------------------------
     0 | D:1      | greenreed the Troll Fighter began the quest for the Orb.
     0 | D:1      | Reached XP level 1. HP: 22/22 MP: 0/0
   149 | D:1      | Reached XP level 2. HP: 29/29 MP: 1/1
   512 | D:1      | Found a faded altar of an unknown god.
   546 | D:1      | Found Peuhica's General Store.
   569 | D:1      | Bought a scroll of teleportation for 39 gold pieces
  1062 | D:2      | Reached XP level 3. HP: 36/36 MP: 2/2
  1096 | D:2      | Found a hide-covered altar of Uskayaw.
  1213 | D:2      | Reached XP level 4. HP: 34/44 MP: 3/3
  1259 | D:2      | Reached skill level 3 in Unarmed Combat
  1935 | D:3      | Found a glowing drain.
  1945 | Sewer    | Entered a sewer
  2061 | Sewer    | Reached XP level 5. HP: 42/52 MP: 4/4
  2258 | Sewer    | Reached skill level 4 in Unarmed Combat
  2662 | D:4      | Noticed a black bear
  2777 | D:4      | Noticed a black bear
  2794 | D:4      | Killed a black bear
  2795 | D:4      | Reached XP level 6. HP: 42/61 MP: 5/5
  2917 | D:4      | Reached skill level 5 in Unarmed Combat
  2999 | D:4      | Reached XP level 7. HP: 59/67 MP: 6/6
  3095 | D:4      | Found a staircase to the Ecumenical Temple.
  3132 | Temple   | Entered the Ecumenical Temple
  3408 | D:4      | Reached skill level 6 in Unarmed Combat
  3480 | D:4      | Found a runed translucent gate.
  3480 | D:4      | Found a runed translucent gate.
  3481 | D:4      | Found a runed translucent gate.
  3484 | D:4      | Noticed spaghetti's ghost (novice DgAE)
  3484 | D:4      | Noticed zeratav's ghost (amateur VSEn)
  3702 | D:5      | Entered Level 5 of the Dungeon
  3841 | D:5      | Reached XP level 8. HP: 75/75 MP: 7/7
  4088 | D:5      | Reached skill level 1 in Throwing
  4090 | D:5      | Reached skill level 7 in Unarmed Combat
  4603 | D:6      | Reached skill level 5 in Dodging
  4706 | D:6      | Reached skill level 8 in Unarmed Combat
  4919 | D:6      | Reached XP level 9. HP: 73/84 MP: 8/8
  5013 | D:6      | Found a sparkling altar of Nemelex Xobeh.
  5038 | D:6      | Gained mutation: You have large cloven feet. [potion of
                  | mutation]
  5038 | D:6      | Gained mutation: You possess an exceptional clarity of
                  | mind. [potion of mutation]
  5039 | D:6      | Lost mutation: You possess an exceptional clarity of mind.
                  | [potion of mutation]
  5039 | D:6      | Lost mutation: You have large cloven feet. [potion of
                  | mutation]
  5039 | D:6      | Gained mutation: You are occasionally teleported next to
                  | monsters. [potion of mutation]
  5039 | D:6      | Gained mutation: You sometimes lose the ability to read
                  | scrolls when taking damage. [potion of mutation]
  5039 | D:6      | Gained mutation: You expend magic power (3 MP) to
                  | strengthen your wands. [potion of mutation]
  5040 | D:6      | Lost mutation: You are occasionally teleported next to
                  | monsters. [potion of mutation]
  5040 | D:6      | Lost mutation: You sometimes lose the ability to read
                  | scrolls when taking damage. [potion of mutation]
  5040 | D:6      | Lost mutation: You expend magic power (3 MP) to strengthen
                  | your wands. [potion of mutation]
  5040 | D:6      | Gained mutation: You are agile. (Dex +2) [potion of
                  | mutation]
  5040 | D:6      | Gained mutation: You heal very quickly. [potion of
                  | mutation]
  5040 | D:6      | Gained mutation: You expend magic power (3 MP) to
                  | strengthen your wands. [potion of mutation]
  5040 | D:6      | Gained mutation: You are resistant to electric shocks.
                  | (rElec) [potion of mutation]
  5423 | D:6      | Reached skill level 9 in Unarmed Combat
  5603 | D:7      | Found an ornate altar of the Wu Jian Council.
  5657 | D:7      | Reached skill level 5 in Shields
  5681 | D:7      | Found a runed translucent gate.
  5825 | D:7      | Noticed a cyclops
  5829 | D:7      | Noticed a troll
  5831 | D:7      | Killed a cyclops
  5832 | D:7      | Reached skill level 10 in Unarmed Combat
  5838 | D:7      | Killed a troll
  5841 | D:7      | Reached XP level 10. HP: 67/93 MP: 9/9
  5910 | D:7      | Found a runed translucent gate.
  5910 | D:7      | Found a runed translucent gate.
  5911 | D:7      | Noticed HendSelp's ghost (novice OpTm)
  6714 | D:8      | Identified the +5 ring mail of Iwkutem {rF+}
  6843 | D:8      | Found an ancient bone altar of Kikubaaqudgha.
  6964 | D:8      | Reached skill level 11 in Unarmed Combat
  7072 | D:8      | Found a staircase to the Lair.
  7090 | Lair:1   | Entered Level 1 of the Lair of Beasts
  7124 | Lair:1   | Noticed a cane toad
  7139 | Lair:1   | Killed a cane toad
  7277 | Lair:1   | Reached skill level 5 in Fighting
  7289 | Lair:1   | Reached skill level 12 in Unarmed Combat
  7349 | Lair:1   | Reached XP level 11. HP: 64/102 MP: 10/10
  8053 | Lair:2   | Noticed a death yak
  8054 | Lair:2   | Noticed a death yak
  8054 | Lair:2   | Noticed a death yak
  8054 | Lair:2   | Noticed a death yak
  8054 | Lair:2   | Noticed a death yak
  8110 | Lair:1   | Killed a death yak
  8129 | Lair:2   | Killed a death yak
  8181 | Lair:2   | Noticed a bog body
  8183 | Lair:2   | Noticed a bog body
  8186 | Lair:2   | Killed a bog body
  8189 | Lair:2   | Killed a bog body
  8190 | Lair:2   | Reached skill level 13 in Unarmed Combat
  8235 | Lair:2   | Found a staircase to the Swamp.
  8235 | Lair:2   | Noticed a bog body
  8241 | Lair:2   | Killed a bog body
  8280 | Lair:2   | Noticed a death yak
  8309 | Lair:2   | Killed a death yak
  8316 | Lair:2   | Killed a death yak
  8321 | Lair:2   | Killed a death yak
  8507 | Lair:2   | Killed a death yak
  8531 | Lair:2   | Reached skill level 14 in Unarmed Combat
  8689 | Lair:2   | Noticed a four-headed hydra
  8702 | Lair:2   | Slain by a four-headed hydra

Illustrated notes

Levels and vault maps discovered:
D:1:      dpeg_arrival_arbitrary_c, layout_basic,
          shapermc_ecumenical_altar_flowoftime, serial_shops,
          nicolae_shop_advertising_works [nicolae_subvault_shop_adworks]
D:2:      layout_basic, basic_altar
D:3:      layout_loops_ring, cheibrodos_sewer_entry_sluice,
          serial_bayou_crossing
D:4:      layout_loops_ring, minmay_temple_entry_ruins, serial_undead,
          serial_undead_f, serial_undead_f, serial_undead_b, serial_undead_f,
          serial_undead_c, gammafunk_ghost_cemetery, minmay_vboxes
D:5:      layout_loops_corners
D:6:      layout_loops_ring, nemelex_xobeh_ov_fountains_minmay,
          minmay_increasing_density
D:7:      layout_cave_pools, nicolae_wu_jian_wuxing_cycle,
          gammafunk_ghost_nasty_kobolds, minmay_manual_maat
D:8:      layout_basic, marbit_many_paths, david_lair_shrubbed
Temple:   regret_index_temple_mists
Lair:1:   layout_regular_city
Lair:2:   hellmonk_destroyed_diamonds, layout_misc_corridors,
          nicolae_swamp_entry_splash_gauntlet

Skill      XL: |  1  2  3  4  5  6  7  8  9 10 11 |
---------------+----------------------------------+-----
Dodging        | 3 4 5 6 7 |  7.8
Shields        | 3 4 5 6 |  6.8
Unarmed Combat | 3 4 5 6 8 10 12 14 | 14.0
Fighting       | 3 4 5 |  5.9
Throwing       | 1 |  1.3

Action                   |  1- 3 |  4- 6 |  7- 9 | 10-12 || total
-------------------------+-------+-------+-------+-------++-------
Melee: Unarmed           |    83 |   251 |   324 |   309 ||   967
Throw: Dart              |       |       |     9 |       ||     9
Evoke: Wand              |       |       |       |    13 ||    13
  Use: Scroll            |       |       |     6 |     3 ||     9
       Potion            |       |       |     4 |     7 ||    11
 Stab: Sleeping          |     1 |       |     1 |       ||     2
Armor: Robe              |    15 |    64 |    29 |       ||   108
       Steam dragon scal |       |       |    78 |    78 ||   156
Dodge: Dodged            |    27 |    72 |   131 |   109 ||   339
Block: Kite shield       |    23 |    73 |   136 |   126 ||   358

Table legend: (Time is in decaauts)
 A = Elapsed time spent in this place.
 B = Non-inter-level travel time spent in this place.
 C = Inter-level travel time spent in this place.
 D = Time resting spent in this place.
 E = Time spent auto-exploring this place.
 F = Levels seen in this place.
 G = Mean time per level.
                   A        B        C        D        E       F      G
               +--------+--------+--------+--------+--------+-----+--------+
         Total |   8782 |   8555 |    227 |     40 |   6025 |  12 |  731.8 |
       Dungeon |   6566 |   6410 |    156 |     29 |   4562 |   8 |  820.8 |
        Temple |    232 |    213 |     19 |      0 |    186 |   1 |  232.0 |
          Lair |   1589 |   1537 |     52 |     11 |   1167 |   2 |  794.5 |
         Sewer |    393 |    393 |      0 |      0 |    109 |   1 |  393.0 |
               +--------+--------+--------+--------+--------+-----+--------+

Top non-repeatable levels by time:
     D:1: 967 daAuts
     D:4: 881 daAuts
     D:5: 876 daAuts
     D:8: 852 daAuts
     D:6: 833 daAuts
  Lair:1: 809 daAuts
     D:7: 808 daAuts
  Lair:2: 779 daAuts
     D:3: 764 daAuts
     D:2: 581 daAuts
   Sewer: 393 daAuts
  Temple: 232 daAuts
